 Dungeon Crawl Stone Soup version 0.21.1-1-g345015fe64 (webtiles) character file.

2637 pajalenfi the Shooter (level 9, -1/62 HPs)
             Began as a Centaur Venom Mage on June 20, 2018.
             Was a Believer of Sif Muna.
             Succumbed to a killer bee's poison
             ... on level 7 of the Dungeon on June 21, 2018.
             The game lasted 03:23:17 (10056 turns).

pajalenfi the Shooter (Centaur Venom Mage)         Turns: 10056, Time: 03:23:18

Health: -1/62      AC:  8    Str: 13    XL:     9   Next: 35%
Magic:  2/12       EV: 10    Int: 17    God:    Sif Muna [**....]
Gold:   274        SH:  0    Dex: 12    Spells: 7/12 levels left

rFire    . . .     SeeInvis .   p - +3 quarterstaff (chaos)
rCold    . . .     Gourm    .   (shield currently unavailable)
rNeg     . . .     Faith    .   t - +1 leather armour "Ibbaafut" {Str+2 Dex+2}
rPois    .         Spirit   +   (no helmet)
rElec    .         Reflect  .   q - +2 cloak
rCorr    .         Harm     .   (no gloves)
MR       .....                  (no barding)
Stlth    +.........             i - amulet of guardian spirit
HPRegen  0.20/turn              g - ring of flight
MPRegen  0.13/turn              (no ring)

@: lethally poisoned (-1 -> -31), very quick
A: large, hooves 3, deformed body, speed 2, tough skin 3
a: Divine Energy, Renounce Religion, Evoke Flight


You were on level 7 of the Dungeon.
You worshipped Sif Muna.
Sif Muna was pleased with you.
You were very hungry.

You visited 2 branches of the dungeon, and saw 9 of its levels.

You collected 274 gold pieces.

Inventory:

Hand Weapons
 e - a +0 hunting sling
 k - a +3 short sword
 n - a cursed -2 short sword
 p - a +3 quarterstaff of chaos (weapon)
 D - a +2 flail of holy wrath
 F - a +0 shortbow of freezing
Missiles
 f - 123 arrows
 h - 6 tomahawks
 j - 152 stones
 l - 21 poisoned needles
 s - 34 bolts (quivered)
Armour
 o - a +1 robe of the Archmagi
 q - a +2 cloak (worn)
 t - the +1 leather armour "Ibbaafut" (worn) {Str+2 Dex+2}
   (You found it on level 5 of the Dungeon)

   It affects your strength (+2).
   It affects your dexterity (+2).
Jewellery
 g - a ring of flight (left hand)
 i - an amulet of guardian spirit (around neck)
Wands
 G - a wand of flame (32)
Scrolls
 y - 2 scrolls of immolation
 A - 2 scrolls of magic mapping
 B - 3 scrolls of identify
 C - 4 scrolls of enchant weapon
 H - a scroll of remove curse
 I - a scroll of fear
Potions
 a - 3 potions of agility {unknown}
 d - a potion of might {unknown}
 m - 2 potions of brilliance {unknown}
 r - 2 potions of flight {unknown}
 u - a potion of berserk rage {unknown}
 v - 4 potions of curing {unknown}
 w - a potion of haste {unknown}
 x - a potion of invisibility {unknown}
 J - 2 potions of heal wounds {unknown}
Books
 b - a Young Poisoner's Handbook

   Spells                             Type                      Level
   a - Sting                          Conjuration/Poison           1
   b - Poisonous Vapours              Poison/Air                   2
   c - Mephitic Cloud                 Conjuration/Poison/Air       3
   d - Olgreb's Toxic Radiance        Poison                       4
   e - Venom Bolt                     Conjuration/Poison           5
 z - a book of Cantrips

   Spells                             Type                      Level
   a - Confusing Touch                Hexes                        1
   b - Animate Skeleton               Necromancy                   1
   c - Summon Small Mammal            Summoning                    1
   d - Apportation                    Translocation                1
Comestibles
 c - 7 rations


   Skills:
 - Level 0.5 Short Blades
 - Level 0.3 Staves
 - Level 4.1 Slings
 + Level 7.7 Bows
 - Level 2.0 Dodging
 - Level 2.0 Stealth
 - Level 2.0 Spellcasting
 * Level 4.5 Conjurations
 * Level 5.4 Air Magic
 * Level 5.3 Poison Magic


You had 7 spell levels left.
You knew the following spells:

 Your Spells              Type           Power        Failure   Level  Hunger
b - Poisonous Vapours     Pois/Air       ###...       4%          2    ###....
c - Mephitic Cloud        Conj/Pois/Air  ###.....     9%          3    ###....


Dungeon Overview and Level Annotations

Branches:
Dungeon (8/15)             Temple (1/1) D:5
   Lair: D:8-11

Altars:
Ashenzari
Cheibriados
Dithmenos
Elyvilon
Fedhas
Gozag
Hepliaklqana
Kikubaaqudgha
Makhleb
Nemelex Xobeh
Okawaru
Qazlal
Ru
Sif Muna
Trog
Uskayaw
Vehumet
Wu Jian
Xom
Yredelemnul
Zin
The Shining One


Innate Abilities, Weirdness & Mutations

You have hooves in place of feet.
Armour fits poorly on your strangely shaped body.
You cover ground very quickly.
You have extremely tough skin. (AC +3)


Message History

* * * LOW HITPOINT WARNING * * *
The killer bee barely misses you. The killer bee stings you.
* * * LOW HITPOINT WARNING * * *
You are more poisoned.
The killer bee poisons you!
The killer bee stings the crimson imp.
The killer bee stings you.
* * * LOW HITPOINT WARNING * * *
You are more poisoned.
The killer bee poisons you!
You climb upwards.
* * * LOW HITPOINT WARNING * * *
You feel very sick.
There is a stone staircase leading down here.
Remove which piece of jewellery? (? for menu, Esc to quit)
Okay, then.
As you read the scroll of fear, it crumbles to dust.
You assume a fearsome visage.
The killer bee resists with some effort.
The killer bee looks frightened!
You die...

.....# ######### .....#
#.......# .....# #.......#
.....## #.......# ......#
#.......# ......# #.......#
.####.# #.......#########
.####.#######..y............#
...............y@...........#
....#.#########..##.........#
###.#.# #######..##.........#
###.#.# #....##..##.........#
....#.# #....##..############
#####.###....##..#
.............##..########
.............##.........#
.............##.#######.#


You could see 2 killer bees.

Vanquished Creatures
  An orc warrior (D:6)
  A phantom (D:4)
  A black bear (D:6)
  7 ogres
  4 centaurs
  A crocodile (D:7)
  5 bullfrogs
  2 scorpions
  A killer bee (D:8)
  4 howler monkeys
  A jelly (D:7)
  2 orc priests
  A hound (D:7)
  2 bullfrog skeletons (D:6)
  Crazy Yiuf (D:2)
  An iguana (D:4)
  8 orc wizards
  5 worker ants
  A hound skeleton (D:6)
  A mummy (D:6)
  A howler monkey zombie (D:8)
  10 adders
  A howler monkey skeleton (D:5)
  3 worms
  A dart slug (D:2)
  25 orcs
  7 bats
  6 giant cockroaches
  3 goblins
  4 hobgoblins
  6 jackals
  5 quokkas
  4 frilled lizards
  A hobgoblin zombie (D:6)
  4 kobolds
  A kobold zombie (D:6)
  2 orc zombies (D:6)
  2 rats (D:1)
  3 fungi (D:2)
  8 plants (Temple)
147 creatures vanquished.

Vanquished Creatures (collateral kills)
  A howler monkey zombie (D:6)
  2 jackals (D:6)
3 creatures vanquished.

Grand Total: 150 creatures vanquished

Notes
Turn   | Place    | Note
-------+----------+-------------------------------------------
     0 | D:1      | pajalenfi the Centaur Venom Mage began the quest for the Orb.
     0 | D:1      | Reached XP level 1. HP: 14/14 MP: 3/3
   369 | D:1      | Reached skill level 1 in Conjurations
   487 | D:1      | Reached XP level 2. HP: 20/20 MP: 2/4
   491 | D:1      | Learned a level 2 spell: Poisonous Vapours
   637 | D:1      | Found a shattered altar of Ashenzari.
  1170 | D:2      | Reached XP level 3. HP: 26/26 MP: 2/5
  1854 | D:2      | Found a runed door.
  1858 | D:2      | Noticed Crazy Yiuf
  1861 | D:2      | Killed Crazy Yiuf
  2206 | D:2      | Reached skill level 1 in Air Magic
  2206 | D:2      | Reached XP level 4. HP: 28/33 MP: 7/7
  2353 | D:2      | Found a blossoming altar of Fedhas.
  2555 | D:3      | Reached XP level 5. HP: 29/38 MP: 2/8
  2965 | D:3      | Reached skill level 1 in Slings
  3010 | D:4      | Noticed a phantom
  3363 | D:4      | Killed a phantom
  3363 | D:4      | Reached XP level 6. HP: 31/45 MP: 9/9
  3720 | D:4      | Reached XP level 7. HP: 50/50 MP: 3/10
  3817 | D:4      | Learned a level 3 spell: Mephitic Cloud
  5022 | D:5      | Entered Level 5 of the Dungeon
  5301 | D:5      | Found a deep blue altar of Sif Muna.
  5591 | D:5      | Became a worshipper of Sif Muna the Loreminder
  5638 | D:5      | Got a shimmering leather armour
  6138 | D:5      | Reached skill level 1 in Bows
  6138 | D:5      | Reached XP level 8. HP: 29/57 MP: 3/11
  6265 | D:5      | Reached skill level 2 in Bows
  6527 | D:5      | Identified the +1 leather armour "Ibbaafut" {Str+2 Dex+2} (You found it on level 5 of the Dungeon)
  6644 | D:5      | Found a staircase to the Ecumenical Temple.
  6675 | Temple   | Entered the Ecumenical Temple
  7166 | D:6      | Reached skill level 3 in Bows
  7307 | D:6      | Reached * piety under Sif Muna
  7493 | D:6      | Reached skill level 4 in Bows
  8073 | D:6      | Reached skill level 5 in Bows
  8600 | D:7      | Reached skill level 6 in Bows
  8650 | D:6      | Reached skill level 5 in Air Magic
  8650 | D:6      | Reached XP level 9. HP: 20/62 MP: 1/12
  8885 | D:6      | Reached skill level 5 in Poison Magic
  9102 | D:7      | Reached ** piety under Sif Muna
  9159 | D:7      | Reached skill level 7 in Bows
 10046 | D:8      | Noticed a queen bee
 10055 | D:7      | HP: 1/62 [poisoned by a killer bee]
 10056 | D:7      | Succumbed to a killer bee's poison

Skill      XL: |  1  2  3  4  5  6  7  8  9 |
---------------+----------------------------+-----
Conjurations   | 1 2 3 4 |  4.5
Spellcasting   | 2 |  2.0
Air Magic      | 1 2 4 5 |  5.4
Poison Magic   | 3 4 5 |  5.3
Slings         | 2 3 4 |  4.1
Dodging        | 2 |  2.0
Stealth        | 2 |  2.0
Bows           | 1 6 7 |  7.7
Short Blades   | |  0.5
Staves         | |  0.3

Action                   |  1- 3 |  4- 6 |  7- 9 || total
-------------------------+-------+-------+-------++-------
Melee: Club              |     5 |       |       ||     5
       Kick              |     9 |       |    48 ||    57
       Unarmed           |     1 |       |       ||     1
       Short sword       |    21 |       |       ||    21
       Quarterstaff      |    24 |    13 |   166 ||   203
 Fire: Hunting sling     |       |    68 |     9 ||    77
       Shortbow          |       |       |   187 ||   187
Throw: Tomahawk          |     5 |    10 |     5 ||    20
 Cast: Sting             |    17 |       |       ||    17
       Poisonous Vapours |    22 |    38 |    50 ||   110
       Mephitic Cloud    |       |       |    24 ||    24
  Use: Scroll            |     2 |     6 |     9 ||    17
 Stab: Confused          |       |       |     1 ||     1
  Eat: Chunk             |     2 |     6 |    11 ||    19
       Ration            |     1 |       |     3 ||     4
Armor: Robe              |    11 |     8 |    15 ||    34
       Leather armour    |    16 |       |    40 ||    56
Dodge: Dodged            |    23 |    20 |    81 ||   124
